[ AOE2 MATCH · #476947415 ]
UnrankedItalians vs Slavs
[ REPLAY ANALYSIS · EXTRACTED FROM THE RECORDED GAME ]
Feudal
—
Castle
—
Imperial
—
| APM avg | 7.9 |
| APM peak | 3 |
| eAPM avg | 7.9 |
| Villagers / military | 0 / 0 |
Feudal
—
Castle
—
Imperial
—
| APM avg | 68.7 |
| APM peak | 26 |
| eAPM avg | 23.8 |
| Villagers / military | 4 / 0 |
Focus
⚔️ 0.0% · 🌾 100.0%
Feudal
—
Castle
—
Imperial
—
| APM avg | 44.9 |
| APM peak | 17 |
| eAPM avg | 34.4 |
| Villagers / military | 4 / 0 |
Focus
⚔️ 0.0% · 🌾 100.0%
Feudal
—
Castle
—
Imperial
—
| APM avg | 103.1 |
| APM peak | 39 |
| eAPM avg | 31.7 |
| Villagers / military | 4 / 0 |
Focus
⚔️ 0.0% · 🌾 100.0%
Feudal
—
Castle
—
Imperial
—
| APM avg | 23.8 |
| APM peak | 9 |
| eAPM avg | 23.8 |
| Villagers / military | 0 / 0 |
Feudal
—
Castle
—
Imperial
—
| APM avg | 39.7 |
| APM peak | 15 |
| eAPM avg | 21.2 |
| Villagers / military | 4 / 0 |
Focus
⚔️ 0.0% · 🌾 100.0%
Feudal
—
Castle
—
Imperial
—
| APM avg | 95.2 |
| APM peak | 36 |
| eAPM avg | 21.2 |
| Villagers / military | 2 / 0 |
Focus
⚔️ 16.7% · 🌾 83.3%
Feudal
—
Castle
—
Imperial
—
| APM avg | 2.6 |
| APM peak | 1 |
| eAPM avg | 2.6 |
| Villagers / military | 0 / 0 |
Match map
Initial resources + every placement click. Lines = walls · curves = elevation contours. ◆ gold · ⬟ stone · ● berries · ✦ relic · ◌ wall gap
Your base
Papa_konas's base
VL JPGP's base
The Bloody-Nine's base
VL Arcenick's base
miki_bb's base
SALAZAR__'s base
[VL] Loba Peruana's base
Smoothed initial terrain · ◌ = detected wall gap · hover for details
Inputs per minute
— AxD | KRATOS INMORTAL - - Papa_konas
Build order — AxD | KRATOS INMORTAL
0 actions detected in the replay
Build order — Papa_konas
5 actions detected in the replay
| 0:01 | Create | Villager (Male) |
| 0:01 | Create | Villager (Male) |
| 0:01 | Create | Villager (Male) |
| 0:06 | Build | House |
| 0:20 | Create | Villager (Male) |
Build order — VL JPGP
6 actions detected in the replay
| 0:01 | Create | Villager (Male) |
| 0:02 | Create | Villager (Male) |
| 0:02 | Create | Villager (Male) |
| 0:02 | Create | Villager (Male) |
| 0:03 | Build | House |
| 0:04 | Build | House |
Build order — The Bloody-Nine
6 actions detected in the replay
| 0:00 | Create | Villager (Male) |
| 0:01 | Create | Villager (Male) |
| 0:01 | Create | Villager (Male) |
| 0:03 | Build | House |
| 0:05 | Build | House |
| 0:10 | Create | Villager (Male) |
Build order — VL Arcenick
0 actions detected in the replay
Build order — miki_bb
5 actions detected in the replay
| 0:01 | Create | Villager (Male) |
| 0:03 | Build | House |
| 0:06 | Build | House |
| 0:13 | Create | Villager (Male) |
| 0:17 | Create | Villager (Male) ×2 |
Build order — SALAZAR__
4 actions detected in the replay
| 0:01 | Create | Villager (Male) |
| 0:04 | Build | House |
| 0:07 | Build | House |
| 0:18 | Create | Villager (Male) |
Build order — [VL] Loba Peruana
0 actions detected in the replay
Match timeline
| 0:01 | VL Arcenick · resign |
[ AI ANALYSIS · 1 CREDIT ]
What really happened in this match?
Wolo.gg analyzes every decision: build order, eco, micro, common mistakes by bracket. Personalized analysis on WhatsApp or Discord in 30 seconds.
Civ guide
Italians
Perfil
Jugador #4855915